AoeStats
← nikhil.leon

Arabia

509227482Analyzed
2v2 RM · 7d ago on Sep 26, 2026· 30m 4s· 4 players
Game mode
Random Map
Map size
Medium (4 player)
Population
200
Speed
Normal
Resources
Standard
Victory
Conquest
Starting age
Dark Age
Ending age
Imperial Age
RankedLock teamsTeams togetherTeam positionsShared explorationLock speedFull tech treeHidden civsTurbo modeCheats
Victory
Defeat
🇨🇱 Danes · Chile
969
+12
🇨🇱 Magyars · Chile
866
+16
🇦🇷 Franks · Argentina
885
-14
🇮🇳 Franks · India
866
-38
nikhil.leon
14:37 Feudal Age
20:18 Double-Bit Axe
Gulliver
7:04 Loom
10:36 Feudal Age
12:16 Double-Bit Axe
21:22 Gold Mining
23:14 Stone Mining
26:01 Castle Age
27:12 Bow Saw
Hidekisan
6:18 Loom
9:19 Feudal Age
9:52 Double-Bit Axe
20:47 Castle Age
18:57 Horse Collar
19:32 Forging
19:15 Gold Mining
19:53 Arson
22:02 Squires
21:50 Gambesons
23:50 Scale Mail Armor
27:53 Wheelbarrow
27:04 Town Watch
sebassepulvedac
3:40 Loom
12:19 Feudal Age
13:38 Double-Bit Axe
15:24 Horse Collar
23:35 Castle Age
22:17 Fletching
22:34 Scale Barding Armor
23:41 Padded Archer Armor
24:53 Thumb Ring
27:38 Husbandry
28:26 Bodkin Arrow
29:12 Wheelbarrow
29:42 Gold Mining
Connection lost

Rejoining the realm…

Still unreachable

The connection could not be restored.

Session expired

The server has moved on; the page needs a fresh start.